 Dungeon Crawl Stone Soup version 0.32-a0-913-g739538afd8 (webtiles) character file.

Game seed: 3176545168054194194

212 spaghetti the Ruffian (level 5, -3/49 HPs)
             Began as a Naga Berserker on Apr 10, 2024.
             Was a Believer of Trog.
             Slain by a gnoll
             ... wielding a +0 spear
              (4 damage)
             ... on level 4 of the Dungeon.
             The game lasted 00:04:30 (2214 turns).

spaghetti the Ruffian (Naga Berserker)              Turns: 2214, Time: 00:04:31

Health: -3/49      AC:  4    Str: 18 (19) XL:     5   Next: 89%
Magic:  5/5        EV:  9    Int:  7      God:    Trog [**....]
Gold:   164        SH:  0    Dex: 17 (19) Spells: 4/4 levels left

rFire   . .          .
                       - Unarmed
rCold   + . .        (no shield)
rNeg    . . .        a - +0 animal skin
rPois   +            h - +1 helmet
rElec   .            i - scarf {harm}
rCorr   .            (no gloves)
SInv    +            (no barding)
Will    ++...        (no amulet)
Stlth   ++           b - +6 ring of dexterity
HPRegen 1.28/turn    d - ring of protection from cold
MPRegen 0.09/turn

%: harm (+30% outgoing, +20% incoming)
@: about to teleport, strong-willed, on berserk cooldown, regenerating, slowed,
very slow
A: AC +1, large, see invisible, deformed body, poison resistance, slowness 2,
spit poison 1, naga tail 1
a: Spit Poison, Renounce Religion, Berserk, Trog's Hand


You were on level 4 of the Dungeon.
You worshipped Trog.
Trog was pleased with you.
You visited 1 branch of the dungeon, and saw 4 of its levels.

You collected 164 gold pieces.

Inventory:

Missiles
 k - 7 stones
Armour
 a - a +0 animal skin (worn)
 h - a +1 helmet (worn)
 i - a scarf of harm (worn)
Jewellery
 b - a +6 ring of dexterity (left hand)
 d - a ring of protection from cold (right hand)
 m - an amulet of magic regeneration
Talismans
 f - a granite talisman
Wands
 g - a wand of polymorph (8)
Scrolls
 j - a scroll of torment
 l - a scroll of identify
Potions
 c - a potion of degeneration


   Skills:
 - Level 3.0 Fighting
 + Level 2.7 Throwing
 - Level 1.6 Armour
 - Level 1.6 Dodging
 + Level 4.3 Unarmed Combat
 + Level 2.8 Evocations


You had 4 spell levels left.
You didn't know any spells.
Your spell library was empty.

Dungeon Overview and Level Annotations

Branches:
Dungeon (4/15)
 Temple: D:4-7

Altars:

Shops:
D:2 [=[(


Innate Abilities, Weirdness & Mutations

Your serpentine skin is tough. (AC +1)
You have supernaturally acute eyesight. (SInv)
Armour fits poorly on your strangely shaped body.
Your system is resistant to poisons. (rPois)
You cover ground very slowly.
You can spit poison.
You have a snake-like lower body.


Message History

Blink to where?
Press: ? - help, Dir - move target
As you read the scroll of blinking, it crumbles to dust.
Okay, then.
Throw: 8 stones
Press: ? - help, Shift-Dir - straight line, f - gnoll
Aim: a gnoll, wielding a +0 club (lightly wounded, 63% to hit)
You throw a stone.
The stone hits the gnoll but does no damage.
The gnoll is lightly wounded.
Unknown command.
Unknown command.
Unknown command.
You see here a wand of polymorph (8).
g - a wand of polymorph (8)
The gnoll hits you with a +0 flail! The gnoll hits you but does no damage.
Okay, then.
Okay, then.
You hear the slow hiss of an avalanche of sand nearby.
The gnoll attacks as it pursues you! The gnoll hits you with a +0 club. x2
The gnoll barely misses you.
The gnoll hits you from afar with a +0 spear.
* * * LOW HITPOINT WARNING * * *
Unknown command.
Okay, then.
As you read the scroll of teleportation, it crumbles to dust.
You feel strangely unstable. The gnoll hits you but does no damage.
The gnoll hits you with a +0 flail. The gnoll hits you with a +0 club.
* * * LOW HITPOINT WARNING * * *
The gnoll barely misses you.
Unknown command.
Unknown command.
The gnoll attacks as it pursues you! The gnoll hits you but does no damage.
A quokka comes into view.
The gnoll hits you with a +0 whip.
* * * LOW HITPOINT WARNING * * *
The gnoll hits you with a +0 club!
* * * LOW HITPOINT WARNING * * *
The gnoll hits you from afar with a +0 spear.
You die...

##.# ##...### $# ##
#....<.# ... #.#
##....## #...
#..###......###....
......#.......#.....
.......#.............
.....................
............g@......#.
...........ggg......#
................##....
#..............# ....
###...#.))....### ...
......#).)....# ..
......r)##....#
........##.......
............>####


You could see 4 gnolls and a quokka (wandering).

Vanquished Creatures
  A bombardier beetle (D:4)
  An orc priest (D:4)
  3 gnolls (D:4)
  4 adders
  2 ribbon worms
  4 orcs
  6 bats
  5 endoplasms
  2 giant cockroaches (D:2)
  10 goblins
  5 hobgoblins
  A jackal (D:2)
  5 quokkas (D:2)
  9 ball pythons
  4 frilled lizards
  6 kobolds
  5 rats
73 creatures vanquished.

Notes
Turn   | Place    | Note
-------+----------+-------------------------------------------
     0 | D:1      | spaghetti the Naga Berserker began the quest for the Orb.
     0 | D:1      | Reached XP level 1. HP: 21/21 MP: 1/1
   175 | D:1      | Found a faded altar of an unknown god.
   222 | D:1      | Reached XP level 2. HP: 16/28 MP: 2/2
   414 | D:1      | Reached skill level 1 in Evocations
   761 | D:2      | Reached skill level 1 in Throwing
   772 | D:2      | Reached XP level 3. HP: 30/34 MP: 3/3
   782 | D:2      | Found Ruluatau's Weapon Shoppe.
   892 | D:2      | Found Teic's Antique Armour Emporium.
   927 | D:2      | Reached ** piety under Trog
   948 | D:2      | Found Atienaff's Jewellery Shop.
  1068 | D:2      | Found Laecluog's Armour Boutique.
  1186 | D:2      | Reached XP level 4. HP: 32/42 MP: 4/4
  2184 | D:4      | Reached skill level 4 in Unarmed Combat
  2184 | D:4      | Reached XP level 5. HP: 49/49 MP: 5/5
  2214 | D:4      | HP: 1/49 [gnoll/+0 club (9)]
  2214 | D:4      | Slain by a gnoll

Illustrated notes

Levels and vault maps discovered:
D:1:      matt_arrival_spirals, layout_basic, hellmonk_ecumenical_altar_run_dry
D:2:      minmay_diamond_boxcup, layout_rooms, serial_shops,
          nicolae_shop_gaudy_bauble, shop, nicolae_shop_rolling_square, shop,
          kennysheep_path_1
D:3:      layout_loops_ring
D:4:      layout_cave_pools, nicolae_tso_carved_into_rock,
          mainiacjoe_overflow_24_doors, minitemple, lemuel_round_altar,
          gup_ossuary_entry_pyramid

Skill      XL: |  1  2  3  4 |
---------------+-------------+-----
Evocations     | 1 2 |  2.8
Throwing       | 1 2 |  2.7
Unarmed Combat | 4 |  4.3
Fighting       | |  3.0
Armour         | |  1.6
Dodging        | |  1.6

Action                     |  1- 3 |  4- 6 || total
---------------------------+-------+-------++-------
  Melee: Unarmed           |    69 |    70 ||   139
         Punch             |     1 |     2 ||     3
  Throw: Stone             |       |     1 ||     1
 Invoke: Berserk           |     2 |     2 ||     4
         Trog's Hand       |       |     2 ||     2
Ability: Spit Poison       |    25 |    18 ||    43
    Use: Scroll            |     1 |     5 ||     6
         Potion            |       |     3 ||     3
   Stab: Distracted        |       |     1 ||     1
 Armour: Animal skin       |    56 |    70 ||   126
  Dodge: Dodged            |    37 |    50 ||    87

Table legend: (Time is in decaauts)
 A = Elapsed time spent in this place.
 B = Non-inter-level travel time spent in this place.
 C = Inter-level travel time spent in this place.
 D = Time resting spent in this place.
 E = Time spent auto-exploring this place.
 F = Levels seen in this place.
 G = Mean time per level.
                   A        B        C        D        E       F      G
               +--------+--------+--------+--------+--------+-----+--------+
         Total |   2882 |   2756 |    126 |    233 |   2032 |   4 |  720.5 |
       Dungeon |   2882 |   2756 |    126 |    233 |   2032 |   4 |  720.5 |
               +--------+--------+--------+--------+--------+-----+--------+

Top non-repeatable levels by time:
     D:1: 996 daAuts
     D:2: 941 daAuts
     D:3: 891 daAuts
     D:4: 53 daAuts
